 Dungeon Crawl Stone Soup version 0.20.1-1-g8b1a95d (webtiles) character file.

439 OnekoMk1 the Magician (level 6, -1/28 HPs)
             Began as a Deep Elf Ice Elementalist on Dec 22, 2017.
             Was an Initiate of Hepliaklqana.
             Slain by a wight
             ... wielding a +5 morningstar of freezing
              (6 damage)
             ... on level 4 of the Dungeon.
             The game lasted 00:35:32 (3192 turns).

OnekoMk1 the Magician (Deep Elf Ice Elementalist)   Turns: 3192, Time: 00:35:33

Health: -1/28      AC:  3    Str:  5    XL:     6   Next: 70%
Magic:  5/17       EV: 12    Int: 22    God:    Hepliaklqana [......]
Gold:   183        SH:  0    Dex: 15    Spells: 10/17 levels left

rFire    . . .     SeeInvis .   w - +1 dagger (protect)
rCold    . . .     Gourm    .   (no shield)
rNeg     . . .     Faith    .   y - +0 leather armour
rPois    .         Spirit   .   (no helmet)
rElec    .         Reflect  .   (no cloak)
rCorr    .         Harm     .   (no gloves)
MR       .....                  (no boots)
Stlth    ++........             (no amulet)
Regen    0.1/turn               n - ring of wizardry
MPRegen  0.2/turn               (no ring)

@: drained
A: reduced essence
a: Recall Ancestor, Ancestor Identity, Renounce Religion


You were on level 4 of the Dungeon.
You worshipped Hepliaklqana.
Hepliaklqana was noncommittal.
You were hungry.

You visited 1 branch of the dungeon, and saw 4 of its levels.

You collected 183 gold pieces.

Inventory:

Hand Weapons
 q - a +0 short sword of electrocution
 r - a +0 mace
 s - a +0 hand axe
 t - a +0 hunting sling
 w - a +1 dagger of protection (weapon)
 P - a +0 war axe
 S - a +1 vampiric spear
Missiles
 e - 102 stones (quivered)
 j - 10 poisoned needles
 l - 5 needles of sleeping
 p - 50 bolts
 v - 24 sling bullets
 x - 6 javelins
 A - 63 arrows
Armour
 a - a +0 robe
 g - a +0 robe
 h - a +0 ring mail
 i - a cursed +0 ring mail
 u - a +0 buckler
 y - a +0 leather armour (worn)
 z - a +0 leather armour
 C - a +0 robe
 F - a +0 robe
 G - a +0 ring mail
 L - a +0 chain mail
 M - a +0 chain mail
Jewellery
 n - a ring of wizardry (left hand)
 U - an uncursed ring of see invisible {unknown}
Wands
 H - a wand of flame (18/48)
 J - a wand of flame (24/48)
Scrolls
 d - a scroll of recharging
 f - a scroll of random uselessness
 m - a scroll of immolation {unknown}
 B - a scroll of blinking {unknown}
 D - a scroll of enchant weapon {unknown}
 O - a scroll of magic mapping {unknown}
 R - a scroll of enchant armour {unknown}
 T - a scroll of remove curse
Potions
 k - a potion of curing
 I - a potion of lignification {unknown}
 Q - a potion of might {unknown}
Books
 b - a book of Frost

   Spells                             Type                      Level
   a - Freeze                         Ice                          1
   b - Throw Frost                    Conjuration/Ice              2
   c - Ozocubu's Armour               Charms/Ice                   3
   d - Throw Icicle                   Conjuration/Ice              4
   e - Summon Ice Beast               Ice/Summoning                4
 K - a book of Misfortune

   Spells                             Type                      Level
   a - Confusing Touch                Hexes                        1
   b - Confuse                        Hexes                        3
   c - Gell's Gravitas                Translocation                3
   d - Petrify                        Transmutation/Earth          4
   e - Metabolic Englaciation         Hexes/Ice                    5
   f - Yara's Violent Unravelling     Hexes/Transmutation          5
Comestibles
 c - 4 bread rations
 o - 6 fruits
 E - a royal jelly


   Skills:
 + Level 0.1(0.0) Fighting
 + Level 1.2(0.2) Armour
 + Level 3.7(2.6) Dodging
 + Level 2.8(1.8) Stealth
 + Level 0.1(0.0) Unarmed Combat
 + Level 6.4(5.3) Spellcasting
 + Level 1.3(0.3) Conjurations
 + Level 5.6(4.5) Ice Magic


You had 10 spell levels left.
You knew the following spells:

 Your Spells              Type           Power        Failure   Level  Hunger
a - Freeze                Ice            ####         1%          1    None
b - Throw Frost           Conj/Ice       ###...       3%          2    None
c - Throw Icicle          Conj/Ice       ###.....     24%         4    ####...


Dungeon Overview and Level Annotations

Branches:
Dungeon (4/15)
 Temple: D:4-7

Altars:
Hepliaklqana
Nemelex Xobeh


Message History

Aiming: Freeze
Press: ? - help, Shift-Dir - straight line, f - wight
Aim: a wight, wielding a morningstar of freezing and wearing a robe (severely damaged)
You freeze the wight.
The wight resists.
The wight is severely damaged.
The wight hits you with a morningstar of freezing!
You feel drained. The wight freezes you.
Casting: Freeze
Confirm with . or Enter, or press ? or * to list all spells.
Aiming: Freeze
Press: ? - help, Shift-Dir - straight line, f/p - wight
Aim: a wight, wielding a morningstar of freezing and wearing a robe (severely damaged)
You freeze the wight.
The wight resists.
The wight is severely damaged.
Fenrir emerges from the mists of memory!
There is a stone staircase leading up here.
The wight hits you with a morningstar of freezing!
* * * LOW HITPOINT WARNING * * *
The wight freezes you.
You die...

########...#######
#......#.##..
######'''#######
##...........
#....#..######........##..
#....##.........z.#####..z
####..........##########..
########...#........##.
##.z.#........###
#########z.###..####..#
#.....R.@z.#.#..# #..#
#............#..# #..#
#............#..####).#
.............#........#
............>#........#
.............####''####.#
.#######...)......).....#
##.....)<..####.###
#.........## #


You could see the friendly Fenrir the ancestor and 3 wights.

Vanquished Creatures
  A scorpion (D:4)
  A wight (D:4)
  A crimson imp (D:3)
  An orc priest (D:4)
  Natasha (thrice) (D:3)
  A worker ant (D:4)
  6 adders
  2 oozes
  3 dart slugs
  2 leopard geckos (D:3)
  5 orcs
  4 ball pythons
  2 giant cockroaches
  4 goblins
  4 hobgoblins
  14 jackals
  3 quokkas
  12 bats
  5 frilled lizards
  4 kobolds (D:2)
  3 rats (D:1)
81 creatures vanquished.

Vanquished Creatures (collateral kills)
  A wight (D:4)
  A worm (D:4)
2 creatures vanquished.

Vanquished Creatures (others)
  2 ancestors (D:4)
2 creatures vanquished.

Grand Total: 85 creatures vanquished

Notes
Turn   | Place    | Note
-------+----------+-------------------------------------------
     0 | D:1      | OnekoMk1 the Deep Elf Ice Elementalist began the quest for the Orb.
     0 | D:1      | Reached XP level 1. HP: 10/10 MP: 6/6
   433 | D:1      | Reached XP level 2. HP: 10/15 MP: 4/8
   729 | D:1      | Learned a level 2 spell: Throw Frost
   922 | D:2      | Reached XP level 3. HP: 11/19 MP: 2/10
  1179 | D:2      | Reached skill level 4 in Spellcasting
  1581 | D:2      | Reached XP level 4. HP: 24/24 MP: 10/12
  1921 | D:3      | Noticed Natasha
  1943 | D:3      | Killed Natasha
  1943 | D:3      | Reached skill level 5 in Spellcasting
  1954 | D:3      | Reached XP level 5. HP: 13/28 MP: 1/14
  1974 | D:3      | Noticed Natasha
  1997 | D:3      | Killed Natasha
  2131 | D:3      | Noticed Natasha
  2135 | D:3      | Killed Natasha
  2217 | D:4      | Reached skill level 1 in Armour
  2226 | D:4      | Reached skill level 5 in Ice Magic
  2249 | D:4      | Learned a level 4 spell: Throw Icicle
  2422 | D:4      | Found a hazy altar of Hepliaklqana.
  2429 | D:4      | Became a worshipper of Hepliaklqana the Forgotten
  2463 | D:4      | Reached XP level 6. HP: 28/28 MP: 7/16
  2632 | D:4      | Found a sparkling altar of Nemelex Xobeh.
  2711 | D:4      | Reached skill level 6 in Spellcasting
  3192 | D:4      | Slain by a wight

Skill      XL: |  1  2  3  4  5  6 |
---------------+-------------------+-----
Dodging        | 3 |  3.7
Spellcasting   | 4 5 6 |  6.4
Ice Magic      | 4 5 |  5.6
Armour         | 1 |  1.2
Fighting       | |  0.1
Stealth        | |  2.8
Unarmed Combat | |  0.1
Conjurations   | |  1.3

Action                   |  1- 3 |  4- 6 || total
-------------------------+-------+-------++-------
Melee: Unarmed           |     5 |       ||     5
       Short sword       |     3 |       ||     3
       Dagger            |     4 |     6 ||    10
 Cast: Freeze            |    60 |    78 ||   138
       Throw Frost       |     5 |     5 ||    10
       Throw Icicle      |       |     5 ||     5
Invok: Recall Ancestor   |       |     1 ||     1
       Ancestor Identity |       |     1 ||     1
  Use: Potion            |     2 |     3 ||     5
       Scroll            |       |     3 ||     3
  Eat: Chunk             |     2 |     5 ||     7
Armor: Robe              |     5 |       ||     5
       Leather armour    |     3 |    23 ||    26
Dodge: Dodged            |    54 |    58 ||   112
